 Dungeon Crawl Stone Soup version 0.19-a0-414-g76fec5b (webtiles) character file.

4 Duffy the Shield-Bearer (level 1, 0/14 HPs)
             Began as a Gargoyle Fighter on May 31, 2016.
             Slain by Purgy (1 damage)
             ... on level 2 of the Dungeon.
             The game lasted 00:00:23 (255 turns).

Duffy the Shield-Bearer (Gargoyle Fighter)           Turns: 255, Time: 00:00:23

Health: 0/14       AC:  9    Str: 19    XL:     1   Next: 70%
Magic:  1/1        EV:  7    Int:  8    God:
Gold:   0          SH:  9    Dex:  9    Spells: 0 memorised, 0 levels left

rFire  . . .     SeeInvis .     a - +0 war axe
rCold  . . .     Gourm    .     b - +0 scale mail
rNeg   + . .     Faith    .     c - +0 shield
rPois  ∞         Spirit   .     (no helmet)
rElec  +         Dismiss  .     (no cloak)
rCorr  .         Reflect  .     (no gloves)
SustAt .         Harm     .     (no boots)
MR     .....                    (no amulet)
Stlth  ..........               (no ring)
                                (no ring)

@: not resistant to hostile enchantments, extremely unstealthy
A: negative energy resistance 1, electricity resistance, unbreathing,
petrification resistance, rot immunity, AC +2
a: no special abilities


You were on level 2 of the Dungeon.
You were not hungry.

You visited 1 branch of the dungeon, and saw 3 of its levels.


Innate Abilities, Weirdness & Mutations

You are resistant to torment.
Your stone body is resilient (AC +2).
You are immune to poison.
You resist negative energy. (rN+)
You are resistant to electric shocks. (rElec)
You can survive without breathing.
You are immune to petrification.
You are immune to rotting.


   Skills:
 - Level 3.2 Fighting
 + Level 2.2 Axes
 - Level 3.2 Armour
 - Level 3.2 Shields


You couldn't memorise any spells.
You didn't know any spells.

Inventory:

Hand Weapons
 a - a +0 war axe (weapon)
Armour
 b - a +0 scale mail (worn)
 c - a +0 shield (worn)
Scrolls
 e - 2 scrolls of teleportation {unknown}
Potions
 d - a potion of might
Comestibles
 f - a bread ration
 g - a slice of pizza

Dungeon Overview and Level Annotations

Branches:
Dungeon (3/15)

Altars:

Annotations:
D:2 Purgy


Message History

A kobold comes into view.
Purgy bites you but does no damage. You block Purgy's attack. x2
Purgy hisses menacingly.
You slash Purgy!
Purgy is moderately wounded.
Purgy bites you but does no damage. Purgy barely misses you.
Purgy claws you but does no damage.
You completely miss Purgy.
Purgy is lightly wounded.
Purgy bites you but does no damage. You block Purgy's attack.
Purgy claws you but does no damage. Purgy bites you but does no damage.
Purgy claws you but does no damage. x2
There is a stone staircase leading up here.
You block Purgy's attack. Purgy claws you but does no damage. Purgy claws you.
You climb upwards.
There is a stone staircase leading down here.
Unknown command.
You slash Purgy!
Purgy is moderately wounded.
You block Purgy's attack. Purgy claws you but does no damage. x2
Purgy bites you but does no damage. Purgy claws you.
Purgy claws you but does no damage.
You closely miss Purgy.
Purgy is moderately wounded.
Purgy bites you. Purgy claws you. You block Purgy's attack.
You barely miss Purgy.
Purgy is moderately wounded.
You block Purgy's attack. Purgy claws you. You block Purgy's attack.
Purgy barely misses you. Purgy claws you but does no damage. x2
You are too injured to fight recklessly!
You are too injured to fight recklessly!
You are too injured to fight recklessly!
You are too injured to fight recklessly!
You are too injured to fight recklessly!
You are too injured to fight recklessly!
You are too injured to fight recklessly!
You are too injured to fight recklessly!
You are too injured to fight recklessly!
You are too injured to fight recklessly!
You are too injured to fight recklessly!
You are too injured to fight recklessly!
You are too injured to fight recklessly!
You closely miss Purgy.
Purgy is lightly wounded.
Purgy snarls, "My home!
Leave!"
You block Purgy's attack. Purgy claws you. Purgy claws you but does no damage.
You slash Purgy!
Purgy is moderately wounded.
You block Purgy's attack. Purgy claws you but does no damage. Purgy claws you.
You die...

#.# #%#
#.################
#................#
###########.####.#
#.#<.#.# #.#.##.#
#######T#....#
...)...@######
#########


You could see Purgy.

Action                   || total
-------------------------++-------
Melee: War axe           ||    42
Armor: Scale mail        ||    25
Dodge: Dodged            ||     7
Block: Shield            ||    13

Notes
Turn   | Place    | Note
--------------------------------------------------------------
     0 | D:1      | Duffy the Gargoyle Fighter began the quest for the Orb.
     0 | D:1      | Reached XP level 1. HP: 14/14 MP: 1/1
    84 | D:1      | Reached skill level 2 in Axes
   226 | D:3      | Noticed Purgy
   255 | D:2      | Slain by Purgy

Skill      XL: |  1 |
---------------+----+-----
Axes           | 2 |  2.2
Fighting       | |  3.2
Armour         | |  3.2
Shields        | |  3.2

Vault maps used:
D:1:      roderic_crop_circles_arrival_small
D:2:      old_standard_altar, serial_curves, eino_curves_02, eino_curves_01,
          eino_curves_02, uniq_crazy_yiuf_cottage
D:3:      gammafunk_pakellas_cloud_experiment, zin_purify,
          nemelex_lonely_heart_becter, uniq_robin, uniq_purgy

Vanquished Creatures
  A giant cockroach
  A goblin
  A quokka
  A kobold
  6 plants
10 creatures vanquished.
